 Dungeon Crawl Stone Soup version 0.32-a0-772-g33df2375a9 (webtiles) character file.

Game seed: 11318819731311304171

2023 Ajdolov the Basher (level 9, -8/74 HPs)
             Began as an Armataur Monk on Mar 19, 2024.
             Killed themself with a badly aimed rupture (16 damage)
             ... on level 7 of the Dungeon.
             The game lasted 00:07:50 (5283 turns).

Ajdolov the Basher (Armataur Monk)                  Turns: 5283, Time: 00:07:50

Health: -8/74      AC: 12    Str: 20    XL:     9   Next: 3%
Magic:  9/9        EV: 10    Int: 11    God:
Gold:   280        SH:  0    Dex: 13    Spells: 8/8 levels left

rFire   . . .        a - +0 mace
rCold   . . .        d - orb {light}
rNeg    . . .        A - +0 chain mail
rPois   .            (no helmet)
rElec   .            (no cloak)
rCorr   .            t - +0 pair of gloves
SInv    .            (no barding)
Will    .....        (no amulet) Stlth
                     l - +5 ring of evasion
HPRegen 0.32/turn    s - +4 ring of protection
MPRegen 0.11/turn

%: roll
@: glowing
A: large, deformed body, tough skin 3, armoured tail, rollpage 2
a: no special abilities


You were on level 7 of the Dungeon.
You visited 2 branches of the dungeon, and saw 8 of its levels.

You collected 280 gold pieces.

Inventory:

Hand Weapons
 a - a +0 mace (weapon)
Missiles
 C - 6 boomerangs (quivered)
Armour
 c - a +0 kite shield
 d - an orb of light (worn)
 t - a +0 pair of gloves (worn)
 A - a +0 chain mail (worn)
Jewellery
 l - a +5 ring of evasion (left hand)
 n - a +6 ring of dexterity
 s - a +4 ring of protection (right hand)
 x - a +5 ring of evasion
 E - a ring of resist corrosion
Wands
 u - a wand of warping (9)
 B - a wand of digging (3)
Scrolls
 b - 4 scrolls of identify {unknown}
 f - 3 scrolls of teleportation {unknown}
 g - 3 scrolls of vulnerability {unknown}
 h - a scroll of enchant weapon {unknown}
 k - 2 scrolls of poison {unknown}
 m - 3 scrolls of immolation {unknown}
 q - a scroll of blinking {unknown}
 y - 2 scrolls of butterflies {unknown}
 z - 3 scrolls of fog {unknown}
 F - a scroll of amnesia {unknown}
Potions
 i - a potion of haste {unknown}
 j - a potion of lignification {unknown}
 o - 2 potions of might {unknown}
 p - 2 potions of mutation {unknown}
 r - 2 potions of enlightenment {unknown}
 v - 2 potions of berserk rage {unknown}
 w - a potion of brilliance {unknown}
 D - a potion of degeneration {unknown}


   Skills:
 - Level 5.0 Fighting
 - Level 10.0 Maces & Flails
 - Level 2.1 Dodging
 * Level 3.0 Evocations


You had 8 spell levels left.
You didn't know any spells.
Your spell library contained the following spells:

 Spells                   Type           Power      Damage    Failure   Level
 Gell's Gravitas          Tloc           0%         N/A       100%        3
 Hailstorm                Conj/Ice       0%         3d5       100%        3
 Summon Ice Beast         Ice/Summ       0%         N/A       100%        3
 Teleport Other           Tloc           0%         N/A       100%        3
 Dispersal                Tloc           0%         N/A       100%        6
 Permafrost Eruption      Ice/Erth       0%         2x4d2     100%        6
 Sculpt Simulacrum        Ice/Alch       0%         N/A       100%        6


Dungeon Overview and Level Annotations

Branches:
Dungeon (7/15)             Temple (1/1) D:4

Altars:
Ashenzari
Dithmenos
Elyvilon
Fedhas
Gozag
Hepliaklqana
Qazlal
Sif Muna
Trog
Yredelemnul
The Shining One

Shops:
D:1 :

Annotations:
D:5 3 runed translucent doors, mertasd123's ghost, amateur VSGl
D:7 Joseph


Innate Abilities, Weirdness & Mutations

Armour fits poorly on your strangely shaped body.
You have extremely tough skin. (AC +3)
You have a long armoured tail.
You regenerate magic and health when rolling toward enemies. (Rampage Regen)


Message History

Joseph hits you with a +0 quarterstaff!
You hit Joseph.
Joseph is heavily wounded.
Joseph hits you with a +0 quarterstaff.
You barely miss Joseph. You tail-slap Joseph.
Joseph is heavily wounded.
Joseph hits you with a +0 quarterstaff!
You barely miss Joseph.
Joseph is heavily wounded.
Joseph hits you with a +0 quarterstaff.
You hit Joseph but do no damage.
Joseph is heavily wounded.
Joseph hits you with a +0 quarterstaff!
* * * LOW HITPOINT WARNING * * *
You sock Joseph! You tail-slap Joseph.
Joseph is severely wounded.
Joseph barely misses you.
You hit Joseph but do no damage. You tail-slap Joseph, but do no damage.
Joseph is severely wounded.
Joseph barely misses you.
You barely miss Joseph.
Joseph is severely wounded.
Joseph hits you with a +0 quarterstaff!
* * * LOW HITPOINT WARNING * * *
It was a potion of curing.
You feel better. Joseph hits you with a +0 quarterstaff.
* * * LOW HITPOINT WARNING * * *
You feel better. Joseph hits you with a +0 quarterstaff!
* * * LOW HITPOINT WARNING * * *
You hit Joseph but do no damage.
Joseph is severely wounded.
Joseph hits you with a +0 quarterstaff.
* * * LOW HITPOINT WARNING * * *
Aiming: Warp Space
Press: ? - help, Shift-Dir - straight line, f - Joseph
Aim: Joseph, wielding a +0 quarterstaff and wearing a +3 ring mail of willpower (severely wounded, haloed, chance to blink: 60%) Space twists violently!
The rupture engulfs Joseph!!
Joseph is almost dead.
The rupture engulfs you!
You blink.
You die...

#........#
#........#........#
#........#.....>..#
#........#........#
....... .......#
..... ......####
### ### ###.
#.######.#......#
..###.## #..
#@@§..##........#
#......# #.#
#####...........##
#####..####.###
####.......... #
#.......).#
#.#......#. .
#.#####.#†##
#.#.......# . #.#
#.#..# #.#........
# #.# ..##.###
#.#......#. #..
..###...#
#.#......## ##.
#.######.#
#.#####....


You could see Joseph.

Vanquished Creatures
  Sigmund (D:4)
  Eustachio (D:6)
  2 water moccasins
  An ice beast (D:6)
  A black bear (D:6)
  2 ogres (D:6)
  A centaur (D:6)
  A bullfrog (D:6)
  A gnoll sergeant (D:6)
  6 scorpions
  A howler monkey (D:6)
  A bombardier beetle (D:5)
  2 orc priests
  2 hounds
  A sleepcap (D:5)
  2 iguanas
  2 orc wizards
  6 gnolls
  7 adders
  A shadow imp (D:5)
  2 ufetubi (D:6)
  An adder zombie (D:2)
  2 adder skeletons (D:2)
  3 dart slugs
  5 ribbon worms
  24 orcs
  A bat zombie (D:2)
  7 endoplasms
  4 giant cockroaches
  7 goblins
  5 hobgoblins
  3 jackals (D:4)
  6 kobolds
  4 quokkas
  10 ball pythons
  2 ball python skeletons (D:2)
  2 ball python zombies (D:2)
  7 bats
  2 frilled lizards
  A jackal zombie (D:2)
  2 quokka zombies (D:2)
  2 rats
144 creatures vanquished.

Notes
Turn   | Place    | Note
-------+----------+-------------------------------------------
     0 | D:1      | Ajdolov the Armataur Monk began the quest for the Orb.
     0 | D:1      | Reached XP level 1. HP: 18/18 MP: 1/1
    93 | D:1      | Found Yphaceid's Book Boutique.
   127 | D:1      | Reached XP level 2. HP: 26/26 MP: 2/2
   392 | D:1      | Reached XP level 3. HP: 17/33 MP: 3/3
   757 | D:1      | Found a faded altar of an unknown god.
  1223 | D:2      | Reached XP level 4. HP: 39/41 MP: 4/4
  1729 | D:3      | Reached skill level 5 in Fighting
  1839 | D:3      | Reached skill level 3 in Maces & Flails
  1863 | D:3      | Reached XP level 5. HP: 33/48 MP: 5/5
  2481 | D:4      | Found a staircase to the Ecumenical Temple.
  2493 | D:4      | Reached skill level 4 in Maces & Flails
  2522 | Temple   | Entered the Ecumenical Temple
  2557 | D:4      | Noticed Sigmund
  2573 | D:4      | Killed Sigmund
  2574 | D:4      | Reached skill level 5 in Maces & Flails
  2574 | D:4      | Reached XP level 6. HP: 50/56 MP: 6/6
  2629 | D:4      | You fall into a shaft and drop 2 floors!
  2705 | D:6      | Noticed Eustachio
  2775 | D:6      | Killed Eustachio
  2776 | D:6      | Reached skill level 6 in Maces & Flails
  2776 | D:6      | Gained mutation: You regenerate magic and health when
                  | rolling toward enemies. (Rampage Regen) [Armataur growth]
  2776 | D:6      | Reached XP level 7. HP: 28/61 MP: 7/7
  3060 | D:6      | Reached skill level 7 in Maces & Flails
  3168 | D:5      | Entered Level 5 of the Dungeon
  3714 | D:5      | Reached XP level 8. HP: 68/68 MP: 8/8
  3734 | D:5      | Reached skill level 8 in Maces & Flails
  3817 | D:5      | Found a runed translucent gate.
  3817 | D:5      | Found a runed translucent gate.
  3817 | D:5      | Found a runed translucent gate.
  3819 | D:5      | Found an opulent altar of Gozag.
  4066 | D:5      | Noticed mertasd123's ghost (amateur VSGl)
  4452 | D:6      | Reached skill level 9 in Maces & Flails
  5028 | D:6      | Reached skill level 10 in Maces & Flails
  5028 | D:6      | Reached skill level 1 in Evocations
  5209 | D:7      | Reached XP level 9. HP: 74/74 MP: 9/9
  5254 | D:7      | Noticed Joseph
  5283 | D:7      | Killed themself with a badly aimed rupture

Illustrated notes

Levels and vault maps discovered:
D:1:      elethiomel_arrival_quiet, layout_loops_ring, serial_shops,
          nicolae_lakefront_shop, shapermc_ecumenical_altar_pompeii,
          nicolae_figureground_pulse
D:2:      cheibrodos_helix_gallery, layout_loops_cross, serial_undead,
          serial_undead_a, serial_undead_a, serial_undead_a, serial_undead_c,
          serial_undead_c, serial_undead_a, minmay_misc_feat_plants
D:3:      layout_loops_ring, minmay_tree_intersection
D:4:      layout_basic, minmay_temple_entry_proselytizer, wad_orctagon,
          uniq_sigmund
D:5:      layout_basic, ebering_ghost_gozag
D:6:      layout_basic, uniq_eustachio
D:7:      layout_rooms, mainiacjoe_overflow_cross_hatched, uniq_joseph,
          uniq_crazy_yiuf_cottage, uniq_jeremiah
Temple:   hellmonk_temple_of_storms

Skill      XL: |  1  2  3  4  5  6  7  8  9 |
---------------+----------------------------+-----
Fighting       | 3 4 5 |  5.0
Maces & Flails | 3 5 6 7 10 | 10.0
Evocations     | 2 3 |  3.0
Dodging        | |  2.1

Action                     |  1- 3 |  4- 6 |  7- 9 || total
---------------------------+-------+-------+-------++-------
  Melee: Mace              |    85 |   136 |   299 ||   520
         Tailslap          |    12 |    23 |    58 ||    93
    Use: Potion            |       |       |     3 ||     3
 Armour: Robe              |    13 |       |       ||    13
         Ring mail         |    44 |    65 |    44 ||   153
         Scale mail        |       |       |    47 ||    47
         Chain mail        |       |       |   131 ||   131
  Dodge: Dodged            |    45 |   101 |   187 ||   333

Table legend: (Time is in decaauts)
 A = Elapsed time spent in this place.
 B = Non-inter-level travel time spent in this place.
 C = Inter-level travel time spent in this place.
 D = Time resting spent in this place.
 E = Time spent auto-exploring this place.
 F = Levels seen in this place.
 G = Mean time per level.
                   A        B        C        D        E       F      G
               +--------+--------+--------+--------+--------+-----+--------+
         Total |   5325 |   5117 |    208 |      9 |   3903 |   8 |  665.6 |
       Dungeon |   5323 |   5115 |    208 |      9 |   3903 |   7 |  760.4 |
        Temple |      1 |      1 |      0 |      0 |      0 |   1 |    1.0 |
               +--------+--------+--------+--------+--------+-----+--------+

Top non-repeatable levels by time:
     D:6: 1457 daAuts
     D:1: 971 daAuts
     D:3: 882 daAuts
     D:4: 658 daAuts
     D:2: 658 daAuts
     D:5: 596 daAuts
     D:7: 98 daAuts
  Temple: 1 daAuts
